 Dungeon Crawl Stone Soup version 0.30-a0-718-geaa24f58ff (webtiles) character file.

Game seed: 8283217485351725848

253 diecastcamel the Trooper (level 6, -3/100 HPs)
             Began as an Ogre Berserker on Jan 25, 2023.
             Was a Follower of Trog.
             Succumbed to an orc wizard's poison
             ... on level 4 of the Dungeon.
             The game lasted 00:23:18 (2806 turns).

diecastcamel the Trooper (Ogre Berserker)           Turns: 2806, Time: 00:23:18

Health: -3/100     AC:  4    Str: 22    XL:     6   Next: 14%
Magic:  2/2        EV: 10    Int:  8    God:    Trog [*.....]
Gold:   162        SH:  0    Dex: 10    Spells: 5/5 levels left

rFire   + . .      SeeInvis .    e - +1 whip (antimagic)
rCold   . . .      Faith    .    (no shield)
rNeg    . . .      Spirit   .    p - +0 robe {rF+}
rPois   .          Reflect  .    c - +1 hat
rElec   .          Harm     .    (no cloak)
rCorr   .          Rampage  .    (gloves unavailable)
Will    ++...                    (boots unavailable) Stlth
                                 (no amulet)
HPRegen 1.36/turn                (no ring)
MPRegen 0.08/turn                (no ring)

@: berserking, lethally poisoned (-3 -> -26), strong-willed (expiring),
regenerating (expiring), very quick
A: large, unfitting armour, tough skin 1
a: Renounce Religion, Berserk


You were on level 4 of the Dungeon.
You worshipped Trog.
Trog was aware of your devotion.
You visited 1 branch of the dungeon, and saw 4 of its levels.

You collected 162 gold pieces.

Inventory:

Hand Weapons
 a - a +0 hand axe
 e - a +1 antimagic whip (weapon)
 m - a +0 dagger of protection
Missiles
 d - 2 throwing nets
 n - 5 stones (quivered)
Armour
 c - a +1 hat (worn)
 p - a +0 robe of fire resistance (worn)
Scrolls
 g - a scroll of fear
 h - a scroll of silence
 j - a scroll of identify
 k - a scroll of teleportation {unknown}
 o - 2 scrolls of blinking {unknown}
 q - a scroll of immolation {unknown}
 r - 2 scrolls of amnesia {unknown}
Potions
 b - a potion of magic {unknown}
 f - 2 potions of curing {unknown}
 i - a potion of attraction {unknown}
 l - 2 potions of lignification {unknown}


   Skills:
 + Level 6.0 Fighting
 * Level 5.7 Axes
 - Level 2.6 Dodging


You had 5 spell levels left.
You didn't know any spells.
Your spell library was empty.

Dungeon Overview and Level Annotations

Branches:
Dungeon (3/15)

Altars:
Xom

Annotations:
D:3 1 exclusion, Sigmund


Innate Abilities, Weirdness & Mutations

You are too large for most types of armour.
You have tough skin. (AC +1)


Message History

You hit something but do no damage.
You feel very sick. Something hits you.
You are more poisoned.
You barely miss something.
You feel extremely sick. Something hits you.
You closely miss something.
You feel very sick.
You barely miss something.
Your skin stops crawling.
You feel less strong-willed.
You feel very sick. The orc closely misses you. Something hits you.
You are lethally poisoned!
You barely miss something.
* * * LOW HITPOINT WARNING * * *
You feel extremely sick. Something hits you.
* * * LOW HITPOINT WARNING * * *
The orc hits you with a +0 club.
* * * LOW HITPOINT WARNING * * *
Your skin crawls.
You feel strong-willed.
You can no longer call upon Trog for regeneration and willpower.
You feel the effects of Trog's Hand fading.
* * * LOW HITPOINT WARNING * * *
You feel very sick. Something hits you but does no damage.
You are lethally poisoned!
The orc hits you but does no damage.
You hit something.
* * * LOW HITPOINT WARNING * * *
You feel very sick. Something hits you but does no damage.
You are more poisoned.
The orc hits you with a +0 club.
* * * LOW HITPOINT WARNING * * *
A red film seems to cover your vision as you go berserk!
You feel yourself moving faster!
You feel mighty!
You die...

*,,,,,,,,,*,,,,,,,***********,**
*,,,,,,,,,,,,<,,,,,,,,,,,,,,,,,,
*,,,,,,,,,*,,,,,,,******,*,,,,**
**,***,**###*,***** ***+*,****
***,* *,,,..#*,***** *,,,,,,,,*
,,,,* ****#.#*,,,,,****,,,,,,,,*
,**** #.#*****,,,,,,,,,,,,,*
,**** ###.#######****,,,,,,,,*
,,,,*####......o@{# *,,,,,,,,*
***,*#......#####.# *,,,,,,,,*
*,*#........#..)### *,,,,,,,,*
*,*#.....##.....?.# #....oo..#
*,*#.....##.......# #........#
*,*#.....##.......# #........#
*,,+.....##.......# *........*
***#.........o#####***#.....#*#
######.............,,,*
#.....#..


You could see an orc.

Vanquished Creatures
  A scorpion (D:4)
  A hound (D:4)
  Natasha (twice) (D:4)
  4 adders
  A worm (D:2)
  3 dart slugs
  4 orcs
  An endoplasm (D:1)
  2 giant cockroaches
  10 goblins
  3 hobgoblins
  3 jackals (D:1)
  4 quokkas
  5 ball pythons
  8 bats
  A frilled lizard (D:1)
  6 kobolds
  10 rats
69 creatures vanquished.

Notes
Turn   | Place    | Note
-------+----------+-------------------------------------------
     0 | D:1      | diecastcamel the Ogre Berserker began the quest for the
                  | Orb.
     0 | D:1      | Reached XP level 1. HP: 24/24 MP: 1/1
   162 | D:1      | Reached XP level 2. HP: 32/32 MP: 2/2
   439 | D:1      | Reached XP level 3. HP: 30/40 MP: 3/3
  1342 | D:2      | Reached ** piety under Trog
  1481 | D:2      | Identified the +1 leather armour "Elawniun" {rCorr Str-4
                  | Stlth+}
  1523 | D:2      | Reached XP level 4. HP: 49/49 MP: 1/4
  1697 | D:2      | Reached skill level 5 in Fighting
  2128 | D:3      | Noticed Sigmund
  2215 | D:3      | Found a shimmering altar of Xom.
  2440 | D:3      | You fall into a shaft and drop 1 floor!
  2510 | D:4      | Noticed a scorpion
  2520 | D:4      | Killed a scorpion
  2521 | D:4      | Reached skill level 5 in Axes
  2521 | D:4      | Reached XP level 5. HP: 57/57 MP: 1/5
  2577 | D:4      | Noticed Natasha
  2605 | D:4      | Killed Natasha
  2705 | D:4      | Noticed Natasha
  2739 | D:4      | Reached XP level 6. HP: 67/67 MP: 2/6
  2743 | D:4      | Killed Natasha
  2744 | D:4      | Reached skill level 6 in Fighting
  2805 | D:4      | HP: 2/67 [orc/+0 club (3)]
  2806 | D:4      | Succumbed to an orc wizard's poison

Illustrated notes

Levels and vault maps discovered:
D:1:      eino_arrival_cavern_a, layout_rooms, chequers_serial_rivers_room_a
D:2:      layout_basic, st_stairs_1
D:3:      minmay_angry_zag, layout_basic, marbit_many_paths, tgw_fedhas,
          kennysheep_generic_room_15, uniq_sigmund
D:4:      layout_basic, mainiacjoe_overflow_cross_hatched,
          minmay_misc_feat_columns, kennysheep_orc_chapel, uniq_natasha

Skill      XL: |  1  2  3  4  5  6 |
---------------+-------------------+-----
Axes           | 4 5 |  5.7
Fighting       | 5 6 |  6.0
Dodging        | |  2.6

Action                     |  1- 3 |  4- 6 || total
---------------------------+-------+-------++-------
  Melee: Hand axe          |   128 |       ||   128
         Punch             |     1 |       ||     1
         Whip              |     6 |   141 ||   147
  Throw: Stone             |     5 |     3 ||     8
 Invoke: Berserk           |     1 |     3 ||     4
         Trog's Hand       |       |     5 ||     5
    Use: Scroll            |       |     5 ||     5
 Armour: Animal skin       |    51 |    14 ||    65
         Robe              |       |    18 ||    18
  Dodge: Dodged            |    67 |    48 ||   115

Table legend: (Time is in decaauts)
 A = Elapsed time spent in this place.
 B = Non-inter-level travel time spent in this place.
 C = Inter-level travel time spent in this place.
 D = Time resting spent in this place.
 E = Time spent auto-exploring this place.
 F = Levels seen in this place.
 G = Mean time per level.
                   A        B        C        D        E       F      G
               +--------+--------+--------+--------+--------+-----+--------+
         Total |   2851 |   2703 |    148 |    259 |   1297 |   4 |  712.8 |
       Dungeon |   2851 |   2703 |    148 |    259 |   1297 |   4 |  712.8 |
               +--------+--------+--------+--------+--------+-----+--------+

Top non-repeatable levels by time:
     D:1: 1097 daAuts
     D:2: 785 daAuts
     D:3: 581 daAuts
     D:4: 387 daAuts
